 Dungeon Crawl Stone Soup version 0.27-a0-334-g52645efa06 (webtiles) character file.

Game seed: 7688264475945747638

5891 dolemite99 the Magician (level 10, 0/75 HPs)
             Began as a Gnoll Air Elementalist on Feb 13, 2021.
             Was an Elder of Okawaru.
             Slain by a troll (8 damage)
             ... on level 8 of the Dungeon.
             The game lasted 00:18:34 (17029 turns).

dolemite99 the Magician (Gnoll Air Elementalist)   Turns: 17029, Time: 00:18:34

Health: 0/75       AC:  8    Str:  7    XL:     10   Next: 82%
Magic:  6/21       EV: 15    Int: 18    God:    Okawaru [****..]
Gold:   556        SH:  0    Dex: 13    Spells: 9/24 levels left

rFire    + . .     SeeInvis .   b - +0 shortbow
rCold    . . .     Faith    .   (shield currently unavailable)
rNeg     . . .     Spirit   .   J - +0 leather armour
rPois    .         Reflect  .   B - +0 helmet
rElec    .         Harm     .   c - +0 cloak
rCorr    .         Rampage  .   Q - +0 pair of gloves
Will     .....                  G - +0 pair of boots
Stlth    +++.......             (no amulet)
HPRegen  0.22/turn              A - ring of protection from fire
MPRegen  0.17/turn              E - ring of wizardry

@: no status effects
A: distributed training, fangs 1, strong nose
a: Renounce Religion, Heroism


You were on level 8 of the Dungeon.
You worshipped Okawaru.
Okawaru was greatly pleased with you.
You visited 1 branch of the dungeon, and saw 8 of its levels.

You collected 556 gold pieces.

Inventory:

Hand Weapons
 a - a +5 trident of freezing
 b - a +0 shortbow (weapon)
 e - a +0 hand axe
 m - a +2 whip of freezing
 y - a +0 flail of draining
 I - a +0 dagger of draining
 M - a +0 hunting sling
 O - a +0 dire flail
 S - a +0 hand axe of distortion
 W - a +1 whip of venom
 X - a +2 whip of flaming
Missiles
 k - 59 bolts
 o - 44 poisoned darts
 t - a throwing net
 u - 37 sling bullets
 w - 62 arrows (quivered ammo)
 D - 366 stones
 L - 3 silver javelins
Armour
 c - a +0 cloak (worn)
 h - a +0 robe
 l - a +2 scale mail of fire resistance
 B - a +0 helmet (worn)
 G - a +0 pair of boots (worn)
 H - the +1 robe of Submission {+Fly rPois rCorr Int-4}
   (You found it on level 5 of the Dungeon)

   It affects your intelligence (-4).
   It protects you from poison.
   It lets you fly.
   It provides partial protection from all sources of acid and corrosion.
 J - a +0 leather armour (worn)
 Q - a +0 pair of gloves (worn)
 Y - a +2 kite shield
Jewellery
 A - a ring of protection from fire (left hand)
 C - a ring of protection from fire
 E - a ring of wizardry (right hand)
 R - a ring of resist corrosion
Wands
 r - a wand of flame (18)
 K - a wand of random effects (24)
 T - a wand of polymorph (7)
Scrolls
 f - 2 scrolls of amnesia {unknown}
 g - a scroll of random uselessness {unknown}
 n - 3 scrolls of enchant weapon {unknown}
 q - 3 scrolls of immolation {unknown}
 s - 4 scrolls of teleportation
 x - 4 scrolls of fog {unknown}
 F - a scroll of enchant armour {unknown}
 N - 3 scrolls of identify {@r1}
 U - a scroll of summoning {unknown}
 Z - a scroll of noise {unknown}
Potions
 d - a potion of berserk rage
 i - 4 potions of curing
 j - a potion of brilliance
 p - 2 potions of attraction
 v - a potion of degeneration
 z - 3 potions of ambrosia
 P - a potion of mutation {unknown}
 V - a potion of flight {unknown}


   Skills:
 + Level 5.6 Fighting
 + Level 5.6 Short Blades
 + Level 5.6 Long Blades
 + Level 5.6 Axes
 + Level 5.6 Maces & Flails
 + Level 5.6 Polearms
 + Level 5.6 Staves
 + Level 5.6 Slings
 + Level 5.6 Bows
 + Level 5.6 Crossbows
 + Level 5.6 Throwing
 + Level 5.6 Armour
 + Level 7.3 Dodging
 + Level 7.1 Stealth
 + Level 5.6 Shields
 + Level 5.6 Unarmed Combat
 + Level 7.6 Spellcasting
 + Level 5.2 Conjurations
 + Level 4.6 Hexes
 + Level 4.6 Summonings
 + Level 4.6 Necromancy
 + Level 4.6 Translocations
 + Level 4.6 Transmutations
 + Level 4.6 Fire Magic
 + Level 4.6 Ice Magic
 + Level 7.3 Air Magic
 + Level 4.6 Earth Magic
 + Level 4.6 Poison Magic
 + Level 6.2 Invocations
 + Level 5.6 Evocations


You had 9 spell levels left.
You knew the following spells:

 Your Spells              Type           Power        Failure   Level
a - Shock                 Conj/Air       100%         1%          1
b - Static Discharge      Conj/Air       29%          1%          3
c - Airstrike             Air            16%          2%          4
d - Mephitic Cloud        Conj/Pois/Air  27%          1%          3
e - Swiftness             Air            33%          1%          2
f - Blink                 Tloc           N/A          1%          2

Your spell library contained the following spells:

 Spells                   Type           Power        Failure   Level
 Magic Dart               Conj           100%         1%          1
 Call Imp                 Summ           23%          1%          2
 Searing Ray              Conj           50%          1%          2
 Slow                     Hex            23%          1%          2
 Conjure Flame            Conj/Fire      24%          2%          3
 Dazzling Flash           Conj/Hex       48%          2%          3
 Fulminant Prism          Conj/Hex       12%          8%          4
 Iskenderun's Mystic Bla  Conj/Tloc      24%          8%          4
 Lightning Bolt           Conj/Air       14%          12%         5


Dungeon Overview and Level Annotations

Branches:
Dungeon (8/15)             Temple (0/1) D:5
   Lair: D:8-11

Altars:
Dithmenos
Elyvilon
Makhleb
Nemelex Xobeh
Okawaru
Sif Muna
Trog
Uskayaw
Vehumet
Zin
The Shining One

Annotations:
D:7 exclusion: downstairs


Innate Abilities, Weirdness & Mutations

Your experience applies equally to all skills.
You have very sharp teeth.
Your uncanny sense of smell can sniff out nearby items.


Message History

Confirm with . or Enter, or press ? or * to list all spells.
Aiming: Airstrike (dangerous; 2% risk of failure)
Press: ? - help, Dir - move target, f/p - troll
Aim: a troll (lightly wounded)
The air twists around and strikes the troll!
The troll is moderately wounded.
The troll closely misses you. The troll claws you but does no damage.
The troll claws you!
Casting: Airstrike (dangerous; 2% risk of failure)
Confirm with . or Enter, or press ? or * to list all spells.
The troll is struck by an arc of lightning.
The troll is heavily wounded.
You are struck by an arc of lightning.
The troll is struck by an arc of lightning.
The troll is heavily wounded.
You are struck by an arc of lightning.
The lightning grounds out.
The troll bites you. The troll barely misses you. x2
The troll barely misses you. x2; The troll closely misses you.
Unknown command.
Casting: Static Discharge (safe; 1% risk of failure)
Confirm with . or Enter, or press ? or * to list all spells.
The troll is struck by an arc of lightning!
The troll is severely wounded.
The shadow imp is struck by an arc of lightning.
The shadow imp is heavily wounded.
The lightning grounds out.
The troll bites you! The troll closely misses you. The troll barely misses you.
The troll bites you.
* * * LOW HITPOINT WARNING * * *
The troll claws you!
* * * LOW HITPOINT WARNING * * *
The troll barely misses you.
Casting: Static Discharge (safe; 1% risk of failure)
Confirm with . or Enter, or press ? or * to list all spells.
The troll is struck by an arc of lightning.
The troll is almost dead.
The shadow imp is struck by an arc of lightning.
The shadow imp is almost dead.
The lightning grounds out.
The troll barely misses you. The troll claws you!
You die...

##...............######..#####
#.####.......####.## #...# .#
...#######...##.###...## # #..
###..#..#.##....# ###
..#####.#.#....##
##...##.##......# 5
#...#.##.#......## #.###
#.#..#..#.......# # ...#
#..@#..#..[..#.## #..
..###T#.##...#.##..#
#.(.#.#5##.##...#.###.## .#
#T.(##.###...#.# #..#
.#..#.#.. #...#.# ##.# # #.
#)#...##.###.....# #.## #.
#.#.(.#.#.##.##.....## #..#
#.# # #..#..# #.#.##......#
##.## #...#
#...###...#..#.....####.)#


You could see a troll and a shadow imp.

Vanquished Creatures
  A hydra (D:8)
  A two-headed ogre (D:8)
  Pikel (D:8)
  A freezing wraith (D:8)
  A steam dragon (D:8)
  A water moccasin (D:8)
  2 orc warriors (D:6)
  4 ice beasts
  2 sky beasts
  6 ogres
  3 centaurs
  3 phantoms (D:7)
  3 lemures (D:8)
  2 bullfrogs (D:6)
  A scorpion (D:6)
  5 killer bees (D:8)
  6 wights
  A howler monkey (D:7)
  A bullfrog zombie (D:7)
  10 hounds
  A jelly (D:8)
  4 orc priests
  A centaur skeleton (D:8)
  A bullfrog skeleton (D:7)
  Ijyb (D:5)
  2 iguanas
  Natasha (D:3)
  10 orc wizards
  3 worker ants
  A killer bee zombie (D:7)
  A hound skeleton (D:4)
  A worker ant zombie (D:8)
  8 gnolls
  9 adders
  A shadow imp (D:5)
  A white imp (D:5)
  5 ufetubi
  An ooze (D:1)
  An adder skeleton (D:6)
  3 worms
  2 dart slugs
  2 leopard geckos
  31 orcs
  10 giant cockroaches
  6 hobgoblins
  6 jackals
  10 kobolds
  4 quokkas
  A ball python (D:2)
  7 bats
  4 frilled lizards
  7 goblins
  2 leopard gecko skeletons (D:4)
  2 leopard gecko zombies
  6 rats
211 creatures vanquished.

Notes
Turn   | Place    | Note
-------+----------+-------------------------------------------
     0 | D:1      | dolemite99 the Gnoll Air Elementalist began the quest for
                  | the Orb.
     0 | D:1      | Reached XP level 1. HP: 13/13 MP: 6/6
   101 | D:1      | Reached XP level 2. HP: 16/19 MP: 0/7
   777 | D:1      | Reached XP level 3. HP: 25/25 MP: 6/9
   876 | D:1      | Reached skill level 5 in Spellcasting
  1107 | D:2      | Found a hide-covered altar of Uskayaw.
  1255 | D:2      | Reached skill level 1 in Invocations
  1543 | D:2      | Reached skill level 1 in Fighting
  1543 | D:2      | Reached skill level 1 in Short Blades
  1543 | D:2      | Reached skill level 1 in Long Blades
  1543 | D:2      | Reached skill level 1 in Axes
  1543 | D:2      | Reached skill level 1 in Maces & Flails
  1543 | D:2      | Reached skill level 1 in Polearms
  1543 | D:2      | Reached skill level 1 in Staves
  1543 | D:2      | Reached skill level 1 in Slings
  1543 | D:2      | Reached skill level 1 in Bows
  1543 | D:2      | Reached skill level 1 in Crossbows
  1543 | D:2      | Reached skill level 1 in Throwing
  1543 | D:2      | Reached skill level 1 in Armour
  1543 | D:2      | Reached skill level 1 in Shields
  1543 | D:2      | Reached skill level 1 in Unarmed Combat
  1543 | D:2      | Reached skill level 1 in Evocations
  1610 | D:2      | Found a bloodstained altar of Trog.
  1652 | D:2      | Learned a level 3 spell: Static Discharge
  1818 | D:2      | Reached XP level 4. HP: 32/32 MP: 9/11
  2057 | D:2      | Noticed a sky beast
  2122 | D:2      | Killed a sky beast
  2123 | D:2      | Reached skill level 1 in Hexes
  2123 | D:2      | Reached skill level 1 in Summonings
  2123 | D:2      | Reached skill level 1 in Necromancy
  2123 | D:2      | Reached skill level 1 in Translocations
  2123 | D:2      | Reached skill level 1 in Transmutations
  2123 | D:2      | Reached skill level 1 in Fire Magic
  2123 | D:2      | Reached skill level 1 in Ice Magic
  2123 | D:2      | Reached skill level 1 in Earth Magic
  2123 | D:2      | Reached skill level 1 in Poison Magic
  2123 | D:2      | Reached XP level 5. HP: 12/37 MP: 12/12
  2611 | D:2      | Found an iron altar of Okawaru.
  2671 | D:2      | Became a worshipper of Warmaster Okawaru
  3763 | D:3      | Reached XP level 6. HP: 23/44 MP: 5/13
  4224 | D:3      | Learned a level 2 spell: Swiftness
  4280 | D:3      | Reached skill level 5 in Dodging
  4501 | D:3      | Noticed Natasha
  4507 | D:3      | Killed Natasha
  5051 | D:4      | Found a white marble altar of Elyvilon.
  5114 | D:4      | Found a sparkling altar of Nemelex Xobeh.
  5170 | D:4      | Found a shimmering blue altar of Sif Muna.
  5225 | D:4      | Reached XP level 7. HP: 40/50 MP: 10/15
  5511 | D:4      | Found a burning altar of Makhleb.
  5660 | D:4      | Found a radiant altar of Vehumet.
  5835 | D:4      | Found a glowing silver altar of Zin.
  5836 | D:4      | Found a glowing golden altar of the Shining One.
  6102 | D:5      | Entered Level 5 of the Dungeon
  6758 | D:5      | Reached * piety under Okawaru
  6759 | D:5      | Reached skill level 5 in Stealth
  7748 | D:5      | Got a fine robe
  7759 | D:5      | Identified the +1 robe of Submission {+Fly rPois rCorr
                  | Int-4} (You found it on level 5 of the Dungeon)
  7866 | D:5      | Reached XP level 8. HP: 49/57 MP: 9/16
  8183 | D:5      | Found a staircase to the Ecumenical Temple.
  8416 | D:5      | Noticed Ijyb
  8426 | D:5      | Killed Ijyb
  9670 | D:6      | Found a shadowy altar of Dithmenos.
 10865 | D:6      | Reached XP level 9. HP: 61/65 MP: 11/18
 10993 | D:7      | Reached ** piety under Okawaru
 11539 | D:7      | Learned a level 3 spell: Mephitic Cloud
 11544 | D:7      | Learned a level 4 spell: Airstrike
 11547 | D:7      | Learned a level 2 spell: Blink
 13452 | D:8      | Noticed a two-headed ogre
 13470 | D:8      | Reached skill level 5 in Invocations
 14737 | D:8      | Noticed Pikel
 15093 | D:8      | Killed Pikel
 15093 | D:8      | Reached *** piety under Okawaru
 15094 | D:8      | Reached XP level 10. HP: 67/73 MP: 20/20
 15360 | D:8      | Reached skill level 5 in Fighting
 15360 | D:8      | Reached skill level 5 in Short Blades
 15360 | D:8      | Reached skill level 5 in Long Blades
 15360 | D:8      | Reached skill level 5 in Axes
 15360 | D:8      | Reached skill level 5 in Maces & Flails
 15360 | D:8      | Reached skill level 5 in Polearms
 15360 | D:8      | Reached skill level 5 in Staves
 15360 | D:8      | Reached skill level 5 in Slings
 15360 | D:8      | Reached skill level 5 in Bows
 15360 | D:8      | Reached skill level 5 in Crossbows
 15360 | D:8      | Reached skill level 5 in Throwing
 15360 | D:8      | Reached skill level 5 in Armour
 15360 | D:8      | Reached skill level 5 in Shields
 15360 | D:8      | Reached skill level 5 in Unarmed Combat
 15360 | D:8      | Reached skill level 5 in Evocations
 16131 | D:8      | Noticed an eight-headed hydra
 16138 | D:8      | Killed an eight-headed hydra
 16138 | D:8      | Reached **** piety under Okawaru
 16265 | D:8      | Killed a two-headed ogre
 16266 | D:8      | Reached skill level 5 in Conjurations
 16961 | D:8      | Identified the +6 mace "Numn" {flame, *Rage Will+++ Str+4}
 17029 | D:8      | Slain by a troll

Illustrated notes

Levels and vault maps discovered:
D:1:      minmay_arrival_shattered_statue, layout_rooms
D:2:      layout_loops_cross, marbit_many_paths, okawaru_altar_gauntlet_db,
          nicolae_overflow_crystal_walls
D:3:      layout_basic, uniq_natasha
D:4:      layout_rooms, chequers_temple_overflow_statue_of_worship,
          makhleb_blood_cavern_becter, elyvilon_altar_5, general_overflow_altar,
          vehumet_crystals, lemuel_blue_sif_altar
D:5:      layout_basic, minmay_temple_entry_enclosed_plants, uniq_ijyb
D:6:      layout_basic, nicolae_dithmenos_the_darkroom
D:7:      layout_loops_corners, minmay_bent
D:8:      minmay_ornate_pinched, layout_rooms, uniq_maggie, uniq_pikel,
          uniq_psyche

Skill      XL: |  1  2  3  4  5  6  7  8  9 10 |
---------------+-------------------------------+-----
Conjurations   | 2 3 4 5 |  5.2
Spellcasting   | 5 6 7 |  7.6
Invocations    | 1 2 3 4 5 6 |  6.2
Fighting       | 1 2 3 4 5 |  5.6
Short Blades   | 1 2 3 4 5 |  5.6
Long Blades    | 1 2 3 4 5 |  5.6
Axes           | 1 2 3 4 5 |  5.6
Maces & Flails | 1 2 3 4 5 |  5.6
Polearms       | 1 2 3 4 5 |  5.6
Staves         | 1 2 3 4 5 |  5.6
Slings         | 1 2 3 4 5 |  5.6
Bows           | 1 2 3 4 5 |  5.6
Crossbows      | 1 2 3 4 5 |  5.6
Throwing       | 1 2 3 4 5 |  5.6
Armour         | 1 2 3 4 5 |  5.6
Shields        | 1 2 3 4 5 |  5.6
Unarmed Combat | 1 2 3 4 5 |  5.6
Evocations     | 1 2 3 4 5 |  5.6
Hexes          | 1 2 3 4 |  4.6
Summonings     | 1 2 3 4 |  4.6
Necromancy     | 1 2 3 4 |  4.6
Translocations | 1 2 3 4 |  4.6
Transmutations | 1 2 3 4 |  4.6
Fire Magic     | 1 2 3 4 |  4.6
Ice Magic      | 1 2 3 4 |  4.6
Earth Magic    | 1 2 3 4 |  4.6
Poison Magic   | 1 2 3 4 |  4.6
Dodging        | 5 6 7 |  7.3
Stealth        | 5 6 7 |  7.1
Air Magic      | 6 7 |  7.3

Action                   |  1- 3 |  4- 6 |  7- 9 | 10-12 || total
-------------------------+-------+-------+-------+-------++-------
Melee: Hand axe          |     3 |       |       |       ||     3
       Whip              |     5 |    54 |    83 |       ||   142
       Bite              |       |     3 |     5 |       ||     8
       Punch             |       |     1 |     2 |       ||     3
       Shortbow          |       |       |     5 |       ||     5
       Trident           |       |       |       |     6 ||     6
 Fire: Hunting sling     |       |       |    25 |       ||    25
       Shortbow          |       |       |   153 |    71 ||   224
 Cast: Shock             |    65 |    73 |    62 |       ||   200
       Static Discharge  |       |     6 |    93 |    24 ||   123
       Airstrike         |       |       |     2 |    19 ||    21
Evoke: Wand              |       |       |    10 |     1 ||    11
  Use: Scroll            |       |       |     8 |       ||     8
       Potion            |       |       |       |     2 ||     2
 Stab: Sleeping          |       |     2 |     3 |       ||     5
Armor: Robe              |     9 |    13 |    18 |       ||    40
       Leather armour    |       |       |    47 |    25 ||    72
Dodge: Dodged            |    20 |    50 |   224 |    58 ||   352

Table legend: (Time is in decaauts)
 A = Elapsed time spent in this place.
 B = Non-inter-level travel time spent in this place.
 C = Inter-level travel time spent in this place.
 D = Time resting spent in this place.
 E = Time spent auto-exploring this place.
 F = Levels seen in this place.
 G = Mean time per level.
                   A        B        C        D        E       F      G
               +--------+--------+--------+--------+--------+-----+--------+
         Total |  17053 |  16850 |    203 |   9494 |   5050 |   8 | 2131.6 |
       Dungeon |  17053 |  16850 |    203 |   9494 |   5050 |   8 | 2131.6 |
               +--------+--------+--------+--------+--------+-----+--------+

Top non-repeatable levels by time:
     D:7: 3707 daAuts
     D:8: 2363 daAuts
     D:5: 2351 daAuts
     D:6: 2109 daAuts
     D:2: 1905 daAuts
     D:3: 1796 daAuts
     D:4: 1785 daAuts
     D:1: 1036 daAuts
